TOP OF THE 1ST |
---|
Spokane Trappers batting - Pitching for Texarkana Bears : RHP Joe Utter | Pitching: RHP Joe Utter | | Batting: RHB Enrique Mendoza | 0-0: Ball 1-0: Ball 2-0: Ball 3-0: Called Strike 3-1: Base on Balls | Batting: RHB Carlos García | 0-0: Called Strike 0-1: Ball 1-1: Swinging Strike 1-2: Ball 2-2: Foul Ball, location: 2F 2-2: SINGLE (Groundball, 6D) Enrique Mendoza to second | Batting: SHB Chris Bennis | 0-0: Ball 1-0: Foul Ball, location: 2F 1-1: Swinging Strike 1-2: Foul Ball, location: 2F 1-2: Strikes out looking | Batting: RHB José Herrera | 0-0: Ball 1-0: Called Strike 1-1: Called Strike 1-2: Foul Ball, location: 2F 1-2: Ball 2-2: Foul Ball, location: 2F 2-2: Strikes out swinging | Batting: LHB Willie Wallace | 0-0: Ball 1-0: Called Strike 1-1: Swinging Strike 1-2: Ball 2-2: Foul Ball, location: 2F 2-2: Foul Ball, location: 2F 2-2: Ball 3-2: Strikes out swinging | Top of the 1st over - 0 runs, 1 hit, 0 errors, 2 left on base; Spokane 0 - Texarkana 0 | BOTTOM OF THE 1ST |
---|
Texarkana Bears batting - Pitching for Spokane Trappers : RHP Bud Baldwin | Pitching: RHP Bud Baldwin | | Batting: LHB Alberto Medine | 0-0: Ground out 2-3 (Groundball, 13S) | Batting: RHB Si-xun Li | 0-0: Ball 1-0: Ball 2-0: Foul Ball, location: 2F 2-1: Foul Ball, location: 2F 2-2: SINGLE (Groundball, 56D) | Batting: RHB Billy Campbell | 0-0: Called Strike 0-1: Ball 1-1: Foul Ball, location: 2F 1-2: Ball 2-2: Ball 3-2: Foul Ball, location: 2F 3-2: Fly out, F8 (Flyball, 89M) | Now in CF: Mark Wells | | Batting: RHB Lu-fang Huie | 0-0: Called Strike 0-1: Ball 1-1: SINGLE (Groundball, 56D) Si-xun Li to second | Batting: LHB Sam Barnes | 0-0: Ball 1-0: Foul Ball, location: 2F 1-1: Ball 2-1: Foul Ball, location: 2F 2-2: Fly out, F8 (Flyball, 8LD) | Bottom of the 1st over - 0 runs, 2 hits, 0 errors, 2 left on base; Spokane 0 - Texarkana 0 | TOP OF THE 2ND |
---|
Spokane Trappers batting - Pitching for Texarkana Bears : RHP Joe Utter | Batting: RHB Danny Crouch | 0-0: Called Strike 0-1: Ball 1-1: Ball 2-1: Ball 3-1: SINGLE (Flyball, 89S) | Batting: LHB Tommy Evans | 0-0: Foul Ball, location: 2F 0-1: Ball 1-1: Ball 2-1: Grounds into double play, 6-4-3 (Groundball, 6) | Batting: RHB Trent Rasmussen | 0-0: Ball 1-0: Fly out, F7 (Flyball, 7) | Top of the 2nd over - 0 runs, 1 hit, 0 errors, 0 left on base; Spokane 0 - Texarkana 0 | BOTTOM OF THE 2ND |
---|
Texarkana Bears batting - Pitching for Spokane Trappers : RHP Bud Baldwin | Batting: LHB Bernardo Morales | 0-0: Foul Ball, location: 2F 0-1: Ball 1-1: Called Strike 1-2: Ball 2-2: Ball 3-2: Strikes out swinging | Batting: RHB Steve Garneys | 0-0: Called Strike 0-1: Ground out 3-1 (Groundball, 34) | Batting: RHB Arturo Rodríguez | 0-0: Foul Ball, location: 2F 0-1: Ground out 6-3 (Groundball, 6) | Bottom of the 2nd over - 0 runs, 0 hits, 0 errors, 0 left on base; Spokane 0 - Texarkana 0 | TOP OF THE 3RD |
---|
Spokane Trappers batting - Pitching for Texarkana Bears : RHP Joe Utter | Batting: RHB Alberto Velásquez | 0-0: Called Strike 0-1: Ball 1-1: Ball 2-1: Called Strike 2-2: Ball 3-2: Strikes out looking | Batting: SHB Mark Wells | 0-0: SOLO HOME RUN (Line Drive, 9LD), Distance : 365 ft | Batting: RHB Carlos García | 0-0: Swinging Strike 0-1: Swinging Strike 0-2: Strikes out swinging | Batting: SHB Chris Bennis | 0-0: Foul Ball, location: 2F 0-1: Fly out, F9 (Flyball, 9) | Top of the 3rd over - 1 run, 1 hit, 0 errors, 0 left on base; Spokane 1 - Texarkana 0 | BOTTOM OF THE 3RD |
---|
Texarkana Bears batting - Pitching for Spokane Trappers : RHP Bud Baldwin | Batting: RHB Kun Liu | 0-0: Ground out 5-3 (Groundball, 56) | Batting: LHB Alberto Medine | 0-0: Called Strike 0-1: Ball 1-1: Ball 2-1: Foul Ball, location: 2F 2-2: SINGLE (Groundball, 4MD) | Batting: RHB Si-xun Li | 0-0: Ball 1-0: Ball 2-0: Foul Ball, location: 2F 2-1: Ball 3-1: Fly out, F7 (Flyball, 7S) | Batting: RHB Billy Campbell | 0-0: Called Strike 0-1: Fly out, F4 (Line Drive, 4M) | Bottom of the 3rd over - 0 runs, 1 hit, 0 errors, 1 left on base; Spokane 1 - Texarkana 0 | TOP OF THE 4TH |
---|
Spokane Trappers batting - Pitching for Texarkana Bears : RHP Joe Utter | Batting: RHB José Herrera | 0-0: SINGLE (Groundball, 34D) | Batting: LHB Willie Wallace | 0-0: Fielders Choice at 2nd, 5-4 (Groundball, 56) | Batting: RHB Danny Crouch | 0-0: SINGLE (Flyball, 9LS) Willie Wallace to second Runner from 2nd tries for 3rd, SAFE, no throw | Batting: LHB Tommy Evans | 0-0: Ball 1-0: Called Strike 1-1: Ball 2-1: Ball 3-1: Fly out, F4 (Line Drive, 4) | Batting: RHB Trent Rasmussen | 0-0: Called Strike 0-1: Called Strike 0-2: SINGLE (Flyball, 9S) Willie Wallace scores Danny Crouch to second Runner from 2nd tries for 3rd, OUT! | Top of the 4th over - 1 run, 3 hits, 0 errors, 1 left on base; Spokane 2 - Texarkana 0 | BOTTOM OF THE 4TH |
---|
Texarkana Bears batting - Pitching for Spokane Trappers : RHP Bud Baldwin | Batting: RHB Lu-fang Huie | 0-0: Called Strike 0-1: Ball 1-1: Swinging Strike 1-2: Fly out, F8 (Flyball, 8LD) | Batting: LHB Sam Barnes | 0-0: Ball 1-0: Ball 2-0: Fly out, F9 (Flyball, 89M) | Batting: LHB Bernardo Morales | 0-0: SINGLE (Groundball, 34D) | Batting: RHB Steve Garneys | 0-0: Fly out, F9 (Line Drive, 9S) | Bottom of the 4th over - 0 runs, 1 hit, 0 errors, 1 left on base; Spokane 2 - Texarkana 0 | TOP OF THE 5TH |
---|
Spokane Trappers batting - Pitching for Texarkana Bears : RHP Joe Utter | Batting: RHB Alberto Velásquez | 0-0: Ball 1-0: Ball 2-0: Ball 3-0: Called Strike 3-1: Foul Ball, location: 2F 3-2: Foul Ball, location: 2F 3-2: Strikes out looking | Batting: SHB Mark Wells | 0-0: Called Strike 0-1: SINGLE (Groundball, 4MD) | Batting: RHB Carlos García | 0-0: Ball 1-0: Foul Ball, location: 2F 1-1: Fly out, F9 (Flyball, 9S) | Batting: SHB Chris Bennis | 0-0: Ball 1-0: Foul Ball, location: 2F 1-1: SINGLE (Line Drive, 56) Mark Wells to second | Batting: RHB José Herrera | 0-0: Ball 1-0: Ball 2-0: Called Strike 2-1: Swinging Strike 2-2: SINGLE (Line Drive, 6MD) Mark Wells to third Chris Bennis to second Runner from 3rd tries for Home, SAFE, throw made home | Batting: LHB Willie Wallace | 0-0: Ball 1-0: Foul Ball, location: 2F 1-1: Ball 2-1: Called Strike 2-2: Ball 3-2: Base on Balls Chris Bennis to third José Herrera to second | Batting: RHB Danny Crouch | 0-0: Ball 1-0: Swinging Strike 1-1: Foul Ball, location: 2F 1-2: Strikes out swinging | Top of the 5th over - 1 run, 3 hits, 0 errors, 3 left on base; Spokane 3 - Texarkana 0 | BOTTOM OF THE 5TH |
---|
Texarkana Bears batting - Pitching for Spokane Trappers : RHP Bud Baldwin | Batting: RHB Arturo Rodríguez | 0-0: Ball 1-0: Ball 2-0: Fly out, F9 (Flyball, 9S) | Batting: RHB Kun Liu | 0-0: Called Strike 0-1: SINGLE (Groundball, 6MD) | Batting: LHB Alberto Medine | 0-0: Called Strike 0-1: Foul Ball, location: 2F 0-2: Ball 1-2: Ball 2-2: Strikes out swinging | Batting: RHB Si-xun Li | 0-0: Ball 1-0: Ball 2-0: Called Strike 2-1: Ball 3-1: Foul Ball, location: 2F 3-2: Strikes out swinging | Bottom of the 5th over - 0 runs, 1 hit, 0 errors, 1 left on base; Spokane 3 - Texarkana 0 | TOP OF THE 6TH |
---|
Spokane Trappers batting - Pitching for Texarkana Bears : RHP Joe Utter | Pitching: RHP Dave Hammond | | Batting: LHB Tommy Evans | 0-0: Ball 1-0: Foul Ball, location: 2F 1-1: SINGLE (Line Drive, 8LM) | Batting: RHB Trent Rasmussen | 0-0: Called Strike 0-1: Ball 1-1: Foul Ball, location: 2F 1-2: Ball 2-2: Ball 3-2: Foul Ball, location: 2F 3-2: Foul Ball, location: 2F 3-2: Strikes out looking | Batting: RHB Alberto Velásquez | 0-0: Fly out, F9 (Flyball, 89M) | Batting: SHB Mark Wells | 0-0: Ball 1-0: SINGLE (Flyball, 7LM) Tommy Evans to second | Batting: RHB Carlos García | 0-0: Ball 1-0: Swinging Strike 1-1: Ball 2-1: Swinging Strike 2-2: Ball 3-2: Fly out, F4 (Popup, 34S) | Top of the 6th over - 0 runs, 2 hits, 0 errors, 2 left on base; Spokane 3 - Texarkana 0 | BOTTOM OF THE 6TH |
---|
Texarkana Bears batting - Pitching for Spokane Trappers : RHP Bud Baldwin | Batting: RHB Billy Campbell | 0-0: Ball 1-0: Swinging Strike 1-1: Foul Ball, location: 2F 1-2: Strikes out looking | Batting: RHB Lu-fang Huie | 0-0: Called Strike 0-1: Ball 1-1: Ground out 6-3 (Groundball, 6S) | Batting: LHB Sam Barnes | 0-0: Called Strike 0-1: Foul Ball, location: 2F 0-2: Foul Ball, location: 2F 0-2: Ground out 4-3 (Groundball, 4) | Bottom of the 6th over - 0 runs, 0 hits, 0 errors, 0 left on base; Spokane 3 - Texarkana 0 | TOP OF THE 7TH |
---|
Spokane Trappers batting - Pitching for Texarkana Bears : RHP Dave Hammond | Batting: SHB Chris Bennis | 0-0: Called Strike 0-1: Ball 1-1: Reached on error, E6 (Groundball, 6) | Batting: RHB José Herrera | 0-0: Ball 1-0: Ball 2-0: Called Strike 2-1: Ball 3-1: Ground out U3 (Groundball, 34S) Chris Bennis to second | Batting: LHB Willie Wallace | 0-0: Intentional Walk | Batting: RHB Danny Crouch | 0-0: Ball 1-0: Called Strike 1-1: Called Strike 1-2: Strikes out swinging | Batting: LHB Tommy Evans | 0-0: Foul Ball, location: 2F 0-1: Ball 1-1: Fly out, F6 (Flyball, 6MD) | Top of the 7th over - 0 runs, 0 hits, 1 error, 2 left on base; Spokane 3 - Texarkana 0 | BOTTOM OF THE 7TH |
---|
Texarkana Bears batting - Pitching for Spokane Trappers : RHP Bud Baldwin | Batting: LHB Bernardo Morales | 0-0: Ball 1-0: Called Strike 1-1: SOLO HOME RUN (Flyball, 89XD), Distance : 408 ft | Batting: RHB Steve Garneys | 0-0: Swinging Strike 0-1: SINGLE (Groundball, 4MD) | Batting: RHB Arturo Rodríguez | 0-0: Sac Bunt - play at first, batter OUT! 1-3 Steve Garneys to second | Batting: RHB Kun Liu | 0-0: Called Strike 0-1: Foul Ball, location: 2F 0-2: Ball 1-2: Fly out, F5 (Line Drive, 5L) | Batting: LHB Alberto Medine | 0-0: Foul Ball, location: 2F 0-1: Ball 1-1: Fly out, F9 (Flyball, 89D) | Bottom of the 7th over - 1 run, 2 hits, 0 errors, 1 left on base; Spokane 3 - Texarkana 1 | TOP OF THE 8TH |
---|
Spokane Trappers batting - Pitching for Texarkana Bears : RHP Dave Hammond | Batting: RHB Trent Rasmussen | 0-0: Ball 1-0: Foul Ball, location: 2F 1-1: Ball 2-1: Ground out 5-3 (Groundball, 56) | Batting: RHB Alberto Velásquez | 0-0: Ball 1-0: Called Strike 1-1: Foul Ball, location: 2F 1-2: Ball 2-2: Fly out, F3 (Popup, 3S) | Batting: SHB Mark Wells | 0-0: Foul Ball, location: 2F 0-1: Swinging Strike 0-2: Ball 1-2: Fly out, F8 (Flyball, 8LXD) | Top of the 8th over - 0 runs, 0 hits, 0 errors, 0 left on base; Spokane 3 - Texarkana 1 | BOTTOM OF THE 8TH |
---|
Texarkana Bears batting - Pitching for Spokane Trappers : RHP Bud Baldwin | Pitching: LHP Halewijn Tipping | | Batting: RHB Si-xun Li | 0-0: Fly out, F7 (Flyball, 7) | Batting: RHB Billy Campbell | 0-0: Called Strike 0-1: Ball 1-1: SINGLE (Flyball, 8LS) | Batting: RHB Lu-fang Huie | 0-0: Foul Ball, location: 2F 0-1: Foul Ball, location: 2F 0-2: Ball 1-2: Foul Ball, location: 2F 1-2: Ground out 5-3 (Groundball, 56S) Billy Campbell to second | Batting: LHB Sam Barnes | 0-0: Ball 1-0: Foul Ball, location: 2F 1-1: Ball 2-1: Foul Ball, location: 2F 2-2: SINGLE (Line Drive, 9S) Billy Campbell to third Runner from 3rd tries for Home, SAFE, no throw | Batting: LHB Bernardo Morales | 0-0: Ball 1-0: Called Strike Throwing error on steal attempt, E2 Sam Barnes to third 1-1: Foul Ball, location: 2F 1-2: Foul Ball, location: 2F 1-2: Ball 2-2: Strikes out swinging | Bottom of the 8th over - 1 run, 2 hits, 1 error, 1 left on base; Spokane 3 - Texarkana 2 | TOP OF THE 9TH |
---|
Spokane Trappers batting - Pitching for Texarkana Bears : RHP Dave Hammond | Pitching: RHP Kosami Tagawa | | Batting: RHB Carlos García | 0-0: Swinging Strike 0-1: Foul Ball, location: 2F 0-2: Ball 1-2: Ball 2-2: Strikes out looking | Batting: SHB Chris Bennis | 0-0: SINGLE (Flyball, 7LM) | Batting: RHB José Herrera | 0-0: Ball 1-0: Called Strike 1-1: Ball 2-1: Ground out 5-3 (Groundball, 5S) Chris Bennis to second | Batting: LHB Willie Wallace | 0-0: Called Strike 0-1: Ball 1-1: Called Strike 1-2: Foul Ball, location: 2F 1-2: Foul Ball, location: 2F 1-2: Ball 2-2: Fly out, F9 (Flyball, 89D) | Top of the 9th over - 0 runs, 1 hit, 0 errors, 1 left on base; Spokane 3 - Texarkana 2 | BOTTOM OF THE 9TH |
---|
Texarkana Bears batting - Pitching for Spokane Trappers : LHP Halewijn Tipping | Pitching: RHP José Ruíz | | Now at C: António Martínez | | Pinch Hitting: LHB Tom Mullins | 0-0: Ball 1-0: SINGLE (Groundball, 34D) | Batting: RHB Arturo Rodríguez | 0-0: Sac Bunt - play at first, batter OUT! 3-4 Tom Mullins to second | Pinch Hitting: LHB Mark Thomas | 0-0: Foul Ball, location: 2F 0-1: Ball 1-1: Called Strike 1-2: Strikes out swinging, 2-3 out at first. | Batting: LHB Alberto Medine | 0-0: Fly out, F9 (Flyball, 89S) | Bottom of the 9th over - 0 runs, 1 hit, 0 errors, 1 left on base; Spokane 3 - Texarkana 2 | |